 Dungeon Crawl Stone Soup version 0.20-a0-672-gd6c3c51 (webtiles) character file.

3640 protoss039 the Earth Mage (level 10, -1/56 HPs)
             Began as a Gargoyle Earth Elementalist on Feb 17, 2017.
             Was an Initiate of Vehumet.
             Splashed by an acid dragon's acid (13 damage)
             ... on level 8 of the Dungeon.
             The game lasted 00:45:13 (9066 turns).

protoss039 the Earth Mage (GrEE)                    Turns: 9066, Time: 00:45:15

Health: -1/56      AC:  9    Str: 11    XL:     10   Next: 12%
Magic:  1/13       EV: 10    Int: 20    God:    Vehumet [......]
Gold:   463        SH:  0    Dex: 10    Spells: 2/13 levels left

rFire    . . .     SeeInvis .   n - +1 hand axe (venom)
rCold    . . .     Gourm    .   u - +0 ring mail
rNeg     + . .     Faith    .   (no shield)
rPois    ∞         Spirit   .   (no helmet)
rElec    +         Reflect  .   (no cloak)
rCorr    .         Harm     .   q - +0 pair of gloves
MR       .....                  (no boots)
Stlth    +.........             (no amulet)
Regen    0.2/turn               (no ring)
MPRegen  0.2/turn               (no ring)

@: corroded
A: negative energy resistance 1, electricity resistance, unbreathing,
petrification resistance, rot immunity, AC +7
a: Renounce Religion


You were on level 8 of the Dungeon.
You worshipped Vehumet.
Vehumet was noncommittal.
You were hungry.

You visited 2 branches of the dungeon, and saw 9 of its levels.
You also visited: Ossuary.

You collected 463 gold pieces.

Inventory:

Hand Weapons
 n - a +1 hand axe of venom (weapon)
 w - a +0 quarterstaff of draining
 x - a +2 dagger of venom
 y - a +2 dagger of flaming
Missiles
 b - 77 stones (quivered)
Armour
 c - a +0 buckler
 q - a +0 pair of gloves (worn)
 u - a +0 ring mail (worn)
 F - a +1 robe
Jewellery
 G - an uncursed ring of stealth {unknown}
Wands
 j - a wand of flame (37/48)
 J - a wand of confusion (34/48)
Scrolls
 g - 2 scrolls of teleportation {unknown}
 h - a scroll of blinking {unknown}
 k - 3 scrolls of amnesia
 m - a scroll of enchant armour
 o - 5 scrolls of remove curse
 p - 7 scrolls of fear
 s - 6 scrolls of identify
 t - 2 scrolls of magic mapping
 v - a scroll of noise {unknown}
 z - a scroll of random uselessness {unknown}
 C - a scroll of enchant weapon {unknown}
 E - 3 scrolls of recharging
 H - a scroll of immolation {unknown}
Potions
 f - a potion of resistance
 i - 6 potions of curing {unknown}
 l - 2 potions of agility {unknown}
 r - 2 potions of might
 A - 2 potions of brilliance
 B - a potion of heal wounds
 D - a potion of haste {unknown}
 I - 2 potions of degeneration {unknown}
Books
 e - a book of Geomancy

   Spells                             Type                      Level
   a - Sandblast                      Earth                        1
   b - Passwall                       Transmutation/Earth          2
   c - Stone Arrow                    Conjuration/Earth            3
   d - Petrify                        Transmutation/Earth          4
   e - Lee's Rapid Deconstruction     Earth                        5
Comestibles
 a - 2 meat rations
 d - 4 bread rations


   Skills:
 - Level 4.0 Fighting
 - Level 1.5 Dodging
 - Level 2.1 Stealth
 - Level 2.0 Spellcasting
 - Level 0.7 Transmutations
 + Level 15.6 Earth Magic


You had 2 spell levels left.
You knew the following spells:

 Your Spells              Type           Power        Failure   Level  Hunger
a - Sandblast             Erth           ######       1%          1    #......
b - Passwall              Tmut/Erth      ####......   1%          2    ##.....
c - Stone Arrow           Conj/Erth      ####..       6%          3    ###....
d - Lee's Rapid Deconstr  Erth           ######....   1%          5    ######.


Dungeon Overview and Level Annotations

Branches:
Dungeon (8/15)             Temple (1/1) D:7            Lair (0/6) D:8

Altars:
Ashenzari
Cheibriados
Dithmenos
Elyvilon
Fedhas
Gozag
Hepliaklqana
Kikubaaqudgha
Makhleb
Nemelex Xobeh
Okawaru
Qazlal
Ru
Sif Muna
Trog
Vehumet
Xom
Yredelemnul
Zin
The Shining One

Annotations:
D:5 exclusion: downstairs


Innate Abilities, Weirdness & Mutations

You are resistant to torment.
Your stone body is resilient. (AC +7)
You are immune to poison.
You resist negative energy. (rN+)
You are resistant to electric shocks. (rElec)
You can survive without breathing.
You are immune to petrification.
You are immune to rotting.


Message History

Aiming: Sandblast
Press: ? - help, Shift-Dir - straight line, f - acid dragon
Aim: an acid dragon (almost dead, catching its breath)
The blast of sand hits the acid dragon.
The acid dragon is almost dead.
b - 77 stones You are feeling hungry.
The acid dragon barely misses you. The acid dragon closely misses you.
You barely miss the acid dragon.
The acid dragon is almost dead.
The acid dragon bites you!
The acid dragon claws you but does no damage.
Unknown command.
You closely miss the acid dragon.
The acid dragon is almost dead.
The acid dragon spits acid at you. The splash of acid hits you!
* * * LOW HITPOINT WARNING * * *
The acid corrodes you!
You are splashed with acid!
The acid burns!
You die...

## # ##.###.# ###
###.......
..####........#. ####
##.##.....#..... ##.#
######...............
..####
#.#.......D..#...###.
#....###......aD##.##[..#
##.........###.#@### ..##
#.########.#..##.# ##>
### ##### ## ##


You could see an acid dragon and a worker ant.

Vanquished Creatures
  A hippogriff (D:7)
  Eustachio (D:5)
  5 wyverns (D:8)
  A hungry ghost (D:6)
  Menkaure (D:5)
  An orc warrior (D:6)
  Duvessa (D:6)
  A hornet zombie (D:5)
  A sky beast (D:6)
  2 phantoms
  An ogre (D:4)
  A centaur (D:6)
  A big kobold (D:7)
  4 bullfrogs
  An elf skeleton (D:6)
  2 scorpions
  Dowan (D:6)
  4 crimson imps
  2 centaur zombies
  A centaur skeleton (D:5)
  3 hounds
  An orc priest (D:6)
  A human skeleton (D:6)
  4 orc wizards
  5 worker ants
  2 hound skeletons
  13 mummies (Ossuary)
  Robin (D:2)
  3 worker ant zombies (D:7)
  10 adders
  An ooze (D:6)
  A worm (D:3)
  4 dart slugs
  2 leopard geckos
  14 orcs
  9 giant cockroaches
  15 goblins
  9 hobgoblins
  6 jackals
  14 kobolds
  3 quokkas
  2 ball pythons
  2 bats (D:2)
  10 frilled lizards
  2 gnoll skeletons (Ossuary)
  3 goblin skeletons (Ossuary)
  A jackal skeleton (D:7)
  A kobold skeleton (Ossuary)
  A leopard gecko skeleton (D:4)
  4 orc skeletons
  2 orc zombies (D:6)
  A quokka zombie (D:7)
  14 rats
  11 rat skeletons (Ossuary)
208 creatures vanquished.

Notes
Turn   | Place    | Note
-------+----------+-------------------------------------------
     0 | D:1      | protoss039 the Gargoyle Earth Elementalist began the quest for the Orb.
     0 | D:1      | Reached XP level 1. HP: 10/10 MP: 3/3
   268 | D:1      | Reached skill level 4 in Earth Magic
   321 | D:1      | Reached XP level 2. HP: 6/15 MP: 1/5
   846 | D:1      | Reached XP level 3. HP: 19/19 MP: 4/6
   850 | D:1      | Reached skill level 5 in Earth Magic
  1225 | D:2      | Reached skill level 1 in Fighting
  1294 | D:2      | Noticed Robin
  1315 | D:1      | Reached XP level 4. HP: 10/26 MP: 2/7
  1598 | D:2      | Killed Robin
  1772 | D:2      | Learned a level 2 spell: Passwall
  2000 | D:3      | Reached XP level 5. HP: 31/32 MP: 8/8
  2307 | D:3      | Reached skill level 6 in Earth Magic
  2730 | D:4      | Found an ancient bone altar of Kikubaaqudgha.
  2758 | D:4      | Reached XP level 6. HP: 38/38 MP: 9/9
  3090 | D:4      | Found a sparkling altar of Nemelex Xobeh.
  3326 | D:4      | Reached skill level 7 in Earth Magic
  3403 | D:4      | Noticed a phantom
  3409 | D:4      | Killed a phantom
  3409 | D:4      | Reached skill level 8 in Earth Magic
  3409 | D:4      | Reached XP level 7. HP: 43/43 MP: 5/10
  3767 | D:5      | Entered Level 5 of the Dungeon
  4176 | D:5      | Noticed Menkaure
  4183 | D:5      | Killed Menkaure
  4183 | D:5      | Reached skill level 9 in Earth Magic
  4310 | D:5      | Reached skill level 10 in Earth Magic
  4310 | D:5      | Reached XP level 8. HP: 36/48 MP: 4/11
  4368 | D:5      | Noticed Eustachio
  4377 | D:5      | Killed Eustachio
  4403 | D:5      | Learned a level 3 spell: Stone Arrow
  4531 | D:5      | Found a shadowy altar of Dithmenos.
  4533 | D:5      | Reached skill level 11 in Earth Magic
  4593 | D:5      | Found a shimmering altar of Xom.
  4896 | D:6      | Found a sand-covered staircase.
  4952 | Ossuary  | Entered an ossuary
  5685 | Ossuary  | Reached skill level 12 in Earth Magic
  6382 | D:6      | Reached XP level 9. HP: 40/52 MP: 10/12
  6405 | D:6      | Found a hazy altar of Hepliaklqana.
  6426 | D:6      | Noticed Duvessa
  6436 | D:6      | Noticed Dowan
  6445 | D:6      | Killed Dowan
  6447 | D:6      | Killed Duvessa
  6447 | D:6      | Reached skill level 13 in Earth Magic
  6874 | D:6      | Learned a level 5 spell: Lee's Rapid Deconstruction
  7810 | D:7      | Reached skill level 14 in Earth Magic
  7917 | D:7      | Found a staircase to the Ecumenical Temple.
  7935 | Temple   | Entered the Ecumenical Temple
  8070 | Temple   | Became a worshipper of Vehumet
  8823 | D:8      | Reached skill level 15 in Earth Magic
  8827 | D:8      | Reached XP level 10. HP: 24/56 MP: 0/13
  9038 | D:8      | Found a staircase to the Lair.
  9066 | D:8      | Splashed by an acid dragon's acid

Vault maps used:
D:1:      elethiomel_arrival_maze
D:2:      uniq_robin
D:3:      first_bread, st_stairs_9, hangedman_decor_opposing
D:4:      nemelex_xobeh_ov_fountains_minmay, lemuel_round_altar
D:5:      lemuel_doored_altar, grunt_dithmenos_shadows, uniq_menkaure,
          uniq_eustachio
D:6:      old_standard_altar, nicolae_ossuary_entry_catacombs, uniq_duvessa
D:7:      temple_green
D:8:      erik_lair_dragon, hangedman_feature_mirror
Temple:   nicolae_temple_elliptical
Ossuary:  ossuary_due_small_catacomb

Skill      XL: |  1  2  3  4  5  6  7  8  9 |
---------------+----------------------------+-----
Earth Magic    | 4 5 6 8 10 12 15 | 15.6
Fighting       | 1 2 4 |  4.0
Dodging        | |  1.5
Stealth        | |  2.1
Spellcasting   | |  2.0
Transmutations | |  0.7

Action                   |  1- 3 |  4- 6 |  7- 9 | 10-12 || total
-------------------------+-------+-------+-------+-------++-------
Melee: Unarmed           |     1 |       |       |       ||     1
       Hand axe          |    44 |    24 |   336 |    15 ||   419
       Quarterstaff      |       |    15 |    79 |       ||    94
       Dagger            |       |   123 |    76 |       ||   199
 Cast: Sandblast         |    31 |    12 |    63 |     3 ||   109
       Passwall          |       |     2 |     6 |       ||     8
       Stone Arrow       |       |       |    14 |     1 ||    15
       Lee's Rapid Decon |       |       |     4 |     2 ||     6
  Use: Scroll            |       |     1 |    10 |       ||    11
       Potion            |       |       |     2 |     1 ||     3
 Stab: Sleeping          |       |     1 |     1 |       ||     2
  Eat: Chunk             |     2 |     7 |    16 |     2 ||    27
       Bread ration      |       |       |     3 |       ||     3
       Royal jelly       |       |       |     1 |       ||     1
Armor: Robe              |    13 |     1 |     6 |       ||    20
       Chain mail        |     8 |   131 |       |       ||   139
       Ring mail         |       |       |   233 |    15 ||   248
Dodge: Dodged            |    39 |    43 |   257 |    19 ||   358
